 Dungeon Crawl Stone Soup version 0.25-a0-503-ge281fa673e (webtiles) character file.

Game seed: 3942332302345526465, levelgen mode: classic

1033 EnegeticOcto the Chopper (level 8, 38/74 HPs)
             Began as a Deep Dwarf Fighter on Feb 13, 2020.
             Quit the game on level 6 of the Dungeon.
             The game lasted 00:01:28 (1569 turns).

EnegeticOcto the Chopper (Deep Dwarf Fighter)       Turns: 1569, Time: 00:01:29

Health: 38/74      AC:  6    Str: 22    XL:     8   Next: 3%
Magic:  5/5        EV:  6    Int:  9    God:
Gold:   64         SH:  7    Dex: 12    Spells: 7/7 levels left

rFire    . . .     SeeInvis .   m - +2 hand axe (drain)
rCold    . . .     Gourm    .   c - +0 kite shield
rNeg     . . .     Faith    .   b - +0 scale mail
rPois    .         Spirit   .   (no helmet)
rElec    .         Reflect  .   (no cloak)
rCorr    .         Harm     .   (no gloves)
MR       +....                  (no boots)
Stlth    ..........             (no amulet)
HPRegen  0.00/turn              (no ring)
MPRegen  0.09/turn              (no ring)

@: non-regenerating, extremely drained
A: damage resistance, heal wounds, sense surroundings 1, no regeneration
a: Heal Wounds


You were on level 6 of the Dungeon.
You were not hungry.

You visited 2 branches of the dungeon, and saw 7 of its levels.

You collected 64 gold pieces.

Inventory:

Hand Weapons
 a - a +0 war axe
 m - a +2 hand axe of draining (weapon)
Armour
 b - a +0 scale mail (worn)
 c - a +0 kite shield (worn)
Jewellery
 h - an uncursed ring of flight {unknown}
Wands
 o - a wand of disintegration (15)
 q - a wand of paralysis (6)
Scrolls
 f - 2 scrolls of fog {unknown}
 g - 2 scrolls of amnesia {unknown}
 i - 3 scrolls of remove curse {unknown}
 j - a scroll of teleportation {unknown}
 k - 3 scrolls of random uselessness {unknown}
 l - a scroll of enchant armour {unknown}
 r - a scroll of blinking {unknown}
 v - 3 scrolls of identify {unknown}
Potions
 d - a potion of might {@q3}
 n - a potion of ambrosia {unknown}
 p - a potion of heal wounds {unknown}
 s - a potion of lignification {unknown}
 t - a potion of mutation {unknown}
 u - a potion of flight {unknown}
Comestibles
 e - 5 rations
 w - 8 chunks of flesh


   Skills:
 * Level 5.2(0.0) Fighting
 * Level 5.9(0.0) Axes
 + Level 5.0(0.0) Armour
 + Level 3.5(0.0) Dodging
 + Level 4.9(0.0) Shields


You had 7 spell levels left.
You didn't know any spells.
Your spell library was empty.

Dungeon Overview and Level Annotations

Branches:
Dungeon (6/15)             Temple (1/1) D:5

Altars:
Ashenzari
Cheibriados
Dithmenos
Elyvilon
Fedhas
Gozag
Hepliaklqana
Kikubaaqudgha
Nemelex Xobeh
Okawaru
Qazlal
Ru
Sif Muna
Trog
Uskayaw
Vehumet
Wu Jian
Xom
Yredelemnul
Zin
The Shining One


Innate Abilities, Weirdness & Mutations

You are resistant to damage.
You can heal yourself by infusing magical energy.
You passively map a small area around you.
You do not regenerate.


Message History

The wight freezes you. The wight hits you with a +4 hand axe.
You feel much better. You block the wight's attack.
The wight barely misses you.
You hit the wight.
You destroy the wight!
You hit the wight but do no damage. You barely miss the wight.
The wight hits you with a +5 spear of freezing.
You feel drained. The wight freezes you. The wight barely misses you.
You block the wight's attack.
You slash the wight!
The wight is severely damaged.
You hit the wight but do no damage. The wight barely misses you.
The wight hits you but does no damage.
The wight hits you with a cursed +3 mace of freezing!
You feel drained. The wight freezes you.
You closely miss the wight.
The wight is severely damaged.
You hit the wight but do no damage. You block the wight's attack.
The wight hits you with a cursed +3 mace of freezing!
You feel drained. The wight freezes you.
The wight hits you with a +5 spear of freezing.
The wight freezes you.
Your shield prevents you from hitting the wight.
The wight is severely damaged.
You hit the wight.
The wight hits you with a +5 spear of freezing.
The wight freezes you.
The wight hits you with a cursed +3 mace of freezing!
The wight freezes you.
You closely miss the wight.
The wight is severely damaged.
You closely miss the wight. The wight hits you but does no damage.
The wight hits you with a cursed +3 mace of freezing.
The wight freezes you.
You hit the wight.
The wight is severely damaged.
You closely miss the wight. You block the wight's attack.
The wight hits you with a cursed +3 mace of freezing.
The wight freezes you. The wight hits you but does no damage.
You hit the wight but do no damage.
The wight is severely damaged.
You hit the wight but do no damage. The wight barely misses you. x2
You hit the wight.
You destroy the wight!
Your base Armour skill increases to level 5!
Your shield and scale mail prevent you from hitting the wight.
You block the wight's attack.
The wight hits you with a +5 spear of freezing.
You feel drained. The wight freezes you.
You are too injured to fight recklessly!
You are too injured to fight recklessly!
You are too injured to fight recklessly!
You are too injured to fight recklessly!
You are too injured to fight recklessly!
You are too injured to fight recklessly!
You feel much better. The wight completely misses you.
You hit the wight but do no damage.
The wight is moderately damaged.
The wight barely misses you.
You barely miss the wight.
The wight is moderately damaged.
You block the wight's attack.
The wight hits you with a +5 spear of freezing.
The wight freezes you.
You hit the wight.
The wight is heavily damaged.
The wight hits you with a +5 spear of freezing.
You feel drained. The wight freezes you.
You closely miss the wight.
The wight is heavily damaged.
You block the wight's attack.
You slash the wight!
The wight is almost destroyed.
You block the wight's attack.
The wight hits you with a +5 spear of freezing.
You feel drained. The wight freezes you.
You hit the wight but do no damage.
The wight is almost destroyed.
The wight hits you with a +5 spear of freezing.
You feel drained. The wight freezes you.
You barely miss the wight.
The wight is almost destroyed.
You block the wight's attack.
You hit the wight.
The wight is almost destroyed.
The wight hits you with a +5 spear of freezing!
The wight freezes you. The wight barely misses you.
You barely miss the wight.
The wight is almost destroyed.
The wight hits you but does no damage.
You hit the wight.
You destroy the wight!
You have reached level 8!
You feel stronger.
Unknown command.
Things that are here:
a +4 hand axe; a +0 robe
Things that are here:
a cursed +3 mace of freezing; a +0 robe; a jackal corpse Are you sure you want to abandon this character and quit the game? (Confirm with "yes".)

**
########
,,
#......# ,
* #......#
,
##..).<.#
,
##...@...#
#....))..#
#.#..)...#
# #......#
######## *
* , * ,


There were no monsters in sight!

Vanquished Creatures
  A sky beast (D:4)
  A necrophage (D:5)
  A phantom (D:4)
  A centaur (D:5)
  A scorpion (D:4)
  5 wights (D:6)
  A howler monkey (D:4)
  2 hounds (D:4)
  2 orc priests (D:3)
  An iguana (D:4)
  3 orc wizards
  2 worker ants
  Natasha (D:2)
  Terence (D:3)
  A hound skeleton (D:4)
  2 adders
  A shadow imp (D:5)
  A dart slug (D:1)
  A leopard gecko (D:4)
  5 orcs
  4 giant cockroaches
  3 goblins
  5 jackals
  3 kobolds
  A quokka (D:4)
  A ball python (D:5)
  A bat (D:3)
  3 frilled lizards
  3 rats
58 creatures vanquished.

Notes
Turn   | Place    | Note
-------+----------+-------------------------------------------
     0 | D:1      | EnegeticOcto the Deep Dwarf Fighter began the quest for the
                  | Orb.
     0 | D:1      | Reached XP level 1. HP: 20/20 MP: 1/1
   176 | D:1      | Reached XP level 2. HP: 25/27 MP: 2/2
   265 | D:1      | You fall into a shaft and drop 1 floor!
   296 | D:2      | Noticed Natasha
   308 | D:2      | Killed Natasha
   308 | D:2      | Reached skill level 1 in Dodging
   308 | D:2      | Reached XP level 3. HP: 21/34 MP: 3/3
   338 | D:2      | Noticed a phantom
   430 | D:3      | Reached XP level 4. HP: 37/42 MP: 4/4
   436 | D:3      | Reached XP level 5. HP: 22/49 MP: 5/5
   472 | D:3      | Noticed Terence
   483 | D:3      | Killed Terence
   566 | D:4      | Noticed a phantom
   605 | D:4      | Killed a phantom
   605 | D:4      | Reached XP level 6. HP: 51/57 MP: 5/5
   632 | D:4      | Noticed a sky beast
   644 | D:4      | Killed a sky beast
   710 | D:4      | Reached XP level 7. HP: 48/66 MP: 6/6
   877 | D:4      | Reached skill level 5 in Axes
  1119 | D:5      | Entered Level 5 of the Dungeon
  1121 | D:5      | Found a staircase to the Ecumenical Temple.
  1150 | Temple   | Entered the Ecumenical Temple
  1535 | D:6      | Reached skill level 5 in Fighting
  1555 | D:6      | Reached skill level 5 in Armour
  1566 | D:6      | Reached XP level 8. HP: 38/74 MP: 5/5
  1569 | D:6      | Quit the game

Levels and vault maps discovered:
D:1:      lightli_iron_boxes, layout_loops_corners
D:2:      layout_loops_ring, first_ration, minmay_pentomino_pile, uniq_natasha,
          uniq_crazy_yiuf_cottage
D:3:      layout_basic, chequers_ecumenical_altar_simple, nrook_uturn,
          uniq_jessica, uniq_terence
D:4:      layout_loops_cross
D:5:      layout_rooms, temple_statues
D:6:      layout_rooms
Temple:   minmay_crystal_snake_temple

Skill      XL: |  1  2  3  4  5  6  7 |
---------------+----------------------+-----
Fighting       | 3 4 5 |  5.2
Axes           | 3 4 5 |  5.9
Dodging        | 1 2 3 |  3.5
Armour         | 4 5 |  5.0
Shields        | 4 |  4.9

Action                   |  1- 3 |  4- 6 |  7- 9 || total
-------------------------+-------+-------+-------++-------
Melee: War axe           |    54 |       |       ||    54
       Hand axe          |     9 |    73 |    93 ||   175
 Abil: Heal Wounds       |     3 |     2 |     7 ||    12
  Eat: Ration            |       |       |     1 ||     1
Armor: Scale mail        |    32 |    33 |    31 ||    96
Dodge: Dodged            |    20 |    22 |    36 ||    78
Block: Kite shield       |    38 |    34 |    68 ||   140

Table legend:
 A = Non-vault XP
 B = Vault XP
 C = Vault XP percentage of total XP
 D = Non-vault monster count
 E = Vault monster count
 F = Vault count percentage of total count
                 A         B        C        D         E       F
            +---------+---------+-------+---------+---------+-------
      Total |    1393 |      84 |   5.7 |      53 |       5 |   8.6
            +---------+---------+-------+---------+---------+-------
        D:1 |      16 |       0 |   0.0 |       8 |       0 |   0.0
        D:2 |       3 |      52 |  94.5 |       3 |       4 |  57.1
        D:3 |     136 |      32 |  19.0 |      12 |       1 |   7.7
        D:4 |     556 |       0 |   0.0 |      11 |       0 |   0.0
        D:5 |     378 |       0 |   0.0 |      12 |       0 |   0.0
        D:6 |     304 |       0 |   0.0 |       7 |       0 |   0.0
            +---------+---------+-------+---------+---------+-------
